Map: [ESL] Gresvan

Players

HeroMarine

  • Race: Terran Terran
  • Spawn Location: 11:00

SKillous - Winner!

  • Race: Protoss Protoss
  • Spawn Location: 5:00

Event: ESL SC2 Masters 2023 Summer (Regionals)

VOD

Have the link to the VOD?

Description

Time

  • Played on: May 11, 2023, 12:54 p.m.
  • Length: 10:49

All games in this series

Show
View Real Time Build Order
Export as new Build Order

HeroMarine Terran 

Build Orders:  

Get SALT Encoding   

  12  0:00  SCV  
  13  0:12  SCV  
  14  0:17  Supply Depot  
  14  0:24  SCV  
  15  0:38  SCV  
  15  0:40  Barracks  
  16  0:42  Refinery  
  16  0:50  SCV  
  17  0:58  Barracks  
  17  1:02  SCV  
  18  1:10  Supply Depot  
  18  1:15  SCV  
  19  1:29  Reaper  
  19  1:30  Orbital Command  
  20  1:44  Reaper  
  21  1:55  SCV  
  22  2:03  Reaper  
  22  2:07  SCV  
  24  2:10  Command Center  
  24  2:15  Refinery  
  24  2:17  Marine  
  24  2:20  SCV  
  26  2:24  Supply Depot  
  26  2:32  SCV  
  26  2:34  Marine  
  26  2:35  Marine  
  29  2:43  Factory  
  29  2:44  SCV  
  30  2:53  Barracks Reactor  
  30  2:56  SCV  
  31  2:59  Barracks Tech Lab  
  31  3:09  SCV  
  32  3:20  Marine  
  32  3:21  SCV  
  32  3:23  Orbital Command  
  32  3:24  Stimpack  
  32  3:27  Factory Tech Lab  
  33  3:29  Barracks, Marine  
  33  3:30  Marine  
  33  3:33  SCV  
  36  3:38  Marine  
  37  3:45  SCV, Cyclone  
  41  3:49  SCV, Marine  
  41  3:50  Marine  
  44  3:55  Marine  
  44  3:57  SCV  
  44  4:01  SCV  
  47  4:02  Supply Depot  
  47  4:09  Engineering Bay, SCV  
  48  4:12  Marine  
  48  4:13  SCV  
  48  4:14  Marine x2  
  52  4:21  Starport  
  52  4:24  SCV  
  53  4:25  SCV  
  53  4:27  Marine  
  53  4:28  Factory Reactor  
  53  4:30  Marine  
  56  4:32  Supply Depot  
  56  4:36  Terran Infantry Weapons Level 1, SCV  
  57  4:38  SCV  
  57  4:41  Marine  
  57  4:43  Supply Depot  
  59  4:47  Marine  
  59  4:48  SCV  
  59  4:49  Marine  
  62  4:54  Marine, SCV  
  62  4:59  Marine  
  64  5:00  Supply Depot  
  64  5:03  Missile Turret  
  64  5:05  Marine  
  65  5:13  Missile Turret  
  69  5:14  Combat Shield  
  69  5:16  Marine x3  
  69  5:17  Medivac  
  70  5:22  Missile Turret  
  70  5:23  Marine, SCV x2  
  70  5:28  Refinery  
  73  5:34  Marine x3  
  76  5:35  SCV  
  76  5:36  SCV  
  76  5:37  Factory Reactor  
  76  5:38  Medivac  
  76  5:42  Supply Depot  
  81  5:47  Medivac  
  81  5:48  SCV x2  
  85  5:56  Command Center  
  84  6:00  SCV x2  
  84  6:03  Marine x4  
  90  6:06  Supply Depot  
  90  6:09  Supply Depot  
  90  6:12  SCV  
  90  6:15  SCV  
  92  6:20  Medivac  
  92  6:21  Marine x3  
  92  6:24  SCV  
  94  6:27  SCV, Medivac  
  97  6:33  Supply Depot  
  97  6:36  SCV, Refinery  
  97  6:38  Marine  
  97  6:39  Marine  
  92  6:44  SCV  
  92  6:45  Barracks x2  
  89  6:50  SCV  
  89  6:52  Marauder  
  92  6:55  Marine x2  
  92  6:56  SCV  
  95  7:01  Factory Tech Lab  
  95  7:02  SCV, Medivac  
  95  7:06  Supply Depot  
  98  7:08  SCV  
  98  7:10  Medivac  
  98  7:14  SCV  
  102  7:18  Marauder x2  
  102  7:20  SCV  
  102  7:21  Marine x2  
  109  7:26  SCV  
  110  7:33  SCV  
  110  7:34  Starport, Factory Reactor  
  111  7:38  SCV  
  111  7:39  Marauder x2  
  116  7:47  SCV  
  116  7:49  Barracks Tech Lab  
  116  7:50  SCV  
  118  7:53  Marauder  
  108  7:58  Medivac x2  
  108  8:00  Marine x2  
  108  8:05  Orbital Command  
  109  8:10  Missile Turret  
  109  8:12  Marauder  
  109  8:14  Marine x2, Marauder  
  109  8:18  Marauder  
  109  8:19  Marauder, Viking  
  119  8:20  Viking  
  119  8:24  Refinery  
  119  8:25  Refinery  
  121  8:28  Missile Turret  
  121  8:30  Viking  
  121  8:31  Viking  
  121  8:32  Marine  
  121  8:33  Terran Infantry Armor Level 1  
  126  8:34  Marauder  
  126  8:35  Concussive Shells  
  126  8:39  Marauder  
  126  8:40  Marine, Marauder  
  132  8:49  Supply Depot x2  
  132  8:50  Supply Depot  
  125  8:56  Marauder  
  125  9:00  SCV x2  
  125  9:01  Marauder x2  
  109  9:03  Marine  
  109  9:04  Viking  
  109  9:08  Orbital Command  
  82  9:10  Viking  
  74  9:17  Marauder  
  74  9:20  Orbital Command  
  74  9:22  Marauder, Viking  
  74  9:23  Marauder  
  78  9:24  Marine x3  
  78  9:30  Viking  
  81  9:38  Viking  
  81  9:39  Marauder  
  87  9:46  Viking  
  87  9:49  Marine  
  87  9:50  Marine  
  87  9:51  Orbital Command  
  91  9:53  Marauder  
  91  9:55  Viking  
  91  9:56  Marauder  
  91  9:57  Marine  
  91  9:58  Marine  
  97  10:00  Marine  
  98  10:07  Marine x2  
  98  10:08  Viking  
  98  10:12  Viking  
  104  10:14  Marine x2  
  104  10:19  Marauder  
  102  10:23  Marauder  
  102  10:28  Marine x2  
Show
View Real Time Build Order
Export as new Build Order

SKillous Protoss - Winner!

Build Orders: 1 Gate Expand, Phoenix Opening, Colossus Rush 

Get SALT Encoding   

  12  0:00  Probe  
  13  0:12  Probe  
  14  0:18  Pylon  
  14  0:24  Probe  
  15  0:36  Gateway  
  15  0:37  Probe (Chrono Boost)  
  15  0:42  Assimilator  
  16  0:46  Probe (Chrono Boost)  
  17  0:51  Probe (Chrono Boost)  
  18  1:04  Probe  
  19  1:16  Probe  
  20  1:23  Cybernetics Core  
  20  1:34  Nexus  
  20  1:40  Pylon  
  20  1:42  Probe  
  21  1:49  Assimilator  
  22  1:54  Probe  
  22  1:57  Adept (Chrono Boost)  
  24  2:06  Probe  
  25  2:18  Probe  
  25  2:19  Stalker  
  28  2:24  Shield Battery  
  28  2:29  Stargate  
  28  2:32  Probe  
  29  2:39  Warp Gate  
  29  2:41  Shield Battery  
  29  2:48  Probe x2 (Chrono Boost)  
  33  2:58  Probe (Chrono Boost)  
  33  3:01  Probe (Chrono Boost)  
  33  3:03  Probe (Chrono Boost)  
  34  3:09  Probe  
  35  3:14  Phoenix (Chrono Boost), Probe  
  38  3:22  Probe (Chrono Boost)  
  38  3:26  Pylon  
  39  3:28  Probe (Chrono Boost)  
  39  3:31  Robotics Facility  
  39  3:33  Phoenix  
  41  3:39  Probe x2 (Chrono Boost)  
  41  3:40  Assimilator  
  44  3:46  Probe (Chrono Boost)  
  44  3:47  Probe, Gateway  
  45  3:54  Assimilator  
  46  3:58  Probe  
  46  3:59  Probe  
  50  4:10  Probe  
  50  4:12  Probe  
  50  4:16  Pylon  
  50  4:21  Robotics Bay  
  52  4:28  Immortal (Chrono Boost), Pylon  
  54  4:34  Probe x2  
  54  4:36  Pylon  
  54  4:38  Sentry  
  58  4:43  Sentry  
  60  4:46  Probe x2  
  62  4:57  Immortal (Chrono Boost)  
  66  5:02  Zealot  
  66  5:06  Pylon  
  68  5:11  Sentry  
  69  5:15  Nexus  
  69  5:21  Probe, Colossus (Chrono Boost)  
  69  5:22  Probe  
  77  5:28  Shield Battery  
  77  5:29  Pylon  
  77  5:35  Phoenix, Probe  
  80  5:40  Extended Thermal Lance  
  80  5:43  Probe  
  80  5:47  Probe  
  82  5:55  Probe  
  83  6:00  Probe, Phoenix  
  83  6:03  Colossus (Chrono Boost)  
  86  6:07  Probe  
  93  6:12  Probe  
  93  6:13  Pylon  
  93  6:20  Probe  
  93  6:22  Pylon  
  94  6:26  Phoenix, Probe  
  94  6:28  Probe  
  94  6:32  Probe  
  99  6:38  Probe  
  100  6:40  Probe, Stalker x2  
  100  6:44  Probe, Pylon  
  106  6:50  Probe  
  106  6:53  Colossus (Chrono Boost)  
  114  6:56  Probe  
  114  7:01  Pylon x2  
  114  7:05  Pylon  
  114  7:06  Probe  
  115  7:10  Phoenix (Chrono Boost)  
  115  7:13  Stalker x2  
  115  7:15  Pylon  
  121  7:21  Probe x2  
  122  7:27  Twilight Council  
  122  7:29  Forge  
  121  7:31  Pylon  
  121  7:37  Zealot x2  
  121  7:39  Probe  
  121  7:40  Nexus  
  121  7:42  Probe  
  121  7:43  Phoenix  
  129  7:52  Warp Prism  
  126  8:01  Protoss Ground Weapons Level 1 (Chrono Boost)  
  126  8:03  Probe  
  126  8:04  Probe x2  
  129  8:06  Gateway  
  129  8:08  Phoenix, Gateway  
  129  8:09  Gateway  
  131  8:16  Gateway  
  131  8:18  Pylon, Zealot x2  
  135  8:20  Probe  
  136  8:33  Phoenix  
  138  8:35  Pylon  
  138  8:36  Pylon  
  138  8:38  Gateway  
  138  8:41  Charge (Chrono Boost), Gateway  
  138  8:42  Pylon  
  138  8:51  Zealot x2  
  134  8:58  Phoenix  
  122  9:05  Zealot x3  
  102  9:23  Phoenix  
  104  9:24  Immortal  
  104  9:26  Zealot x6  
  104  9:30  Pylon  
  114  9:32  Forge  
  114  9:36  Probe x4  
  114  9:38  Robotics Facility  
  118  9:42  Sentry x2  
  122  9:46  Zealot x6  
  134  9:54  Probe x2  
  132  10:10  Zealot x8  
  146  10:35  Zealot x8  
Tags
 
Add a new tag
Caveats
  • Supply blocks, unpowered buildings, or Contaminate may cause inaccurate times.
  • Supply counts are checked every 10 seconds.